 Dungeon Crawl Stone Soup version 0.25-a0-589-g1e14c549ee (webtiles) character file.

Game seed: 3696758132362051389, levelgen mode: deterministic

4046 Eurus the Frost Mage (level 10, -2/71 HPs)
             Began as a Demonspawn Ice Elementalist on Mar 12, 2020.
             Was a Believer of Qazlal.
             Hit by a silver javelin thrown by Urug (29 damage)
             ... on level 10 of the Dungeon.
             The game lasted 00:31:57 (12493 turns).

Eurus the Frost Mage (Demonspawn Ice Elementalist) Turns: 12493, Time: 00:31:57

Health: -2/71      AC:  8    Str:  8    XL:     10   Next: 4%
Magic:  19/19      EV: 14    Int: 25    God:    Qazlal [**....]
Gold:   444        SH:  8    Dex: 17    Spells: 17/22 levels left

rFire    . . .     SeeInvis .   u - +5 dagger
rCold    . . .     Gourm    .   k - +0 buckler
rNeg     . . .     Faith    .   a - +0 robe
rPois    .         Spirit   .   (helmet restricted)
rElec    .         Reflect  .   g - +1 cloak
rCorr    .         Harm     .   (no gloves)
MR       .....                  (no boots)
Stlth    ++........             x - amulet of magic regeneration
HPRegen  0.21/turn              n - +3 ring of dexterity
MPRegen  0.41/turn              B - +5 ring of intelligence

@: mighty, lightly drained
A: horns 2, iridescent scales 2, powered by pain 1
a: Upheaval, Renounce Religion


You were on level 10 of the Dungeon.
You worshipped Qazlal.
Qazlal was pleased with you.
You were not hungry.

You visited 2 branches of the dungeon, and saw 11 of its levels.

You collected 444 gold pieces.

Inventory:

Hand Weapons
 u - a +5 dagger (weapon)
Armour
 a - a +0 robe (worn)
 g - a +1 cloak (worn)
 k - a +0 buckler (worn)
Jewellery
 l - an uncursed ring of flight
 n - a +3 ring of dexterity (left hand)
 x - an amulet of magic regeneration (around neck)
 B - a +5 ring of intelligence (right hand)
Wands
 i - a wand of random effects (12)
 p - a wand of iceblast (4)
 s - a wand of paralysis (14)
 w - a wand of polymorph (30)
 y - a wand of flame (17)
 A - a wand of acid (2)
Scrolls
 d - 11 scrolls of identify
 f - 4 scrolls of magic mapping
 j - 5 scrolls of teleportation
 o - a scroll of remove curse
 r - a scroll of blinking
Potions
 b - a potion of might
 e - a potion of curing
 h - 2 potions of stabbing
 m - a potion of invisibility
 q - 3 potions of heal wounds
 t - a potion of cancellation
Comestibles
 c - 16 rations
 v - 3 chunks of flesh


   Skills:
 - Level 4.0(3.8) Fighting
 + Level 4.3(4.1) Dodging
 - Level 1.7(1.6) Stealth
 - Level 4.0(3.9) Shields
 + Level 6.5(6.4) Spellcasting
 + Level 3.9(3.7) Conjurations
 - Level 3.0(2.8) Fire Magic
 + Level 8.2(8.0) Ice Magic
 - Level 4.0(3.8) Invocations


You had 17 spell levels left.
You knew the following spells:

 Your Spells              Type           Power        Failure   Level  Hunger
a - Freeze                Ice            ####         1%          1    None
b - Frozen Ramparts       Ice            #####.       1%          3    None
c - Foxfire               Conj/Fire      ###.         1%          1    None

Your spell library contained the following spells:

 Spells                   Type           Power        Failure   Level  Hunger
 Ozocubu's Armour         Chrm/Ice       ####....     4%          3    None
 Conjure Flame            Conj/Fire      ###.....     5%          3    None
 Hailstorm                Conj/Ice       #####...     6%          4    ###....
 Summon Small Mammal      Summ           #...         7%          1    None
 Call Imp                 Summ           #.......     11%         2    None
 Inner Flame              Hex/Fire       ###.....     12%         3    None
 Summon Ice Beast         Ice/Summ       ####....     14%         4    ###....
 Sticky Flame             Conj/Fire      ###.....     19%         4    ###....
 Call Canine Familiar     Summ           #.......     22%         3    None
 Summon Guardian Golem    Hex/Summ       #.......     22%         3    None
 Fireball                 Conj/Fire      ###.......   45%         5    #####..
 Summon Lightning Spire   Summ/Air       #.......     56%         4    ###....


Dungeon Overview and Level Annotations

Branches:
Dungeon (10/15)            Temple (1/1) D:6            Lair (0/6) D:10
    Orc: D:9-12

Altars:
Ashenzari
Cheibriados
Dithmenos
Elyvilon
Fedhas
Gozag
Hepliaklqana
Kikubaaqudgha
Makhleb
Nemelex Xobeh
Okawaru
Qazlal
Ru
Sif Muna
Trog
Uskayaw
Vehumet
Wu Jian
Xom
Yredelemnul
Zin
The Shining One

Shops:
D:10 *

Annotations:
D:7 Joseph
D:9 exclusion: two-headed ogre, Harold
D:10 Urug


Innate Abilities, Weirdness & Mutations

You have a pair of horns on your head.
You are mostly covered in iridescent scales. (AC +4)
You sometimes gain a little power by taking damage.


Message History

Qazlal accepts your kill.
You can now call upon nature to destroy your foes.
Magic restored.
The frozen ramparts melt away.
You hear a shout!
A yak comes into view.
A yak comes into view.
Urug the Orcish Ballista comes into view.
She is wielding a +5 long sword and quivering 5 silver javelins.
You see here 14 bolts.
The yak bellows! x2
You hear a bellow!
Urug throws a silver javelin.
The silver javelin pierces through you!!
You focus on the pain.
You feel very mighty all of a sudden. The silver sears you!
You see here a silver javelin.
Urug throws a silver javelin.
The silver javelin pierces through you!!
You die...

#.⌠.⌠..# #####8.∩.8#
##########....5⌠.⌠.#
#..÷....##.###8.8.8#
#.#####.##.#####..##
#.# #.##.#...o$##
####.## #.##....(#.#
###.....#
#....#(#.#.#
........#
####.@.#.#..
###.....# #####.#
#.....# .Y# #.....#
#.. #.....# #.Y
#.....# #.. #.....#
#.....# #.....#


You could see Urug.

Vanquished Creatures
  A hippogriff (D:8)
  A wyvern (D:8)
  A hog (D:7)
  A hungry ghost (D:8)
  5 yaks
  A human (D:8)
  An orc warrior (D:7)
  An ice beast (D:9)
  A phantom (D:6)
  3 ogres
  A sky beast (D:6)
  A centaur (D:6)
  A crocodile (D:9)
  A big kobold (D:9)
  4 bullfrogs
  A water moccasin zombie (D:7)
  A scorpion (D:4)
  5 killer bees (D:8)
  6 wights
  A howler monkey (D:6)
  4 crimson imps
  A quasit (D:6)
  5 jellies
  A bullfrog skeleton (D:6)
  3 iguanas
  4 worker ants
  A hound skeleton (D:9)
  A howler monkey zombie (D:7)
  2 howler monkey skeletons (D:5)
  12 adders
  4 shadow imps
  2 oozes (D:1)
  2 adder zombies
  An adder skeleton (D:7)
  3 worms (D:2)
  A dart slug (D:5)
  7 leopard geckos
  30 orcs
  3 bats
  6 giant cockroaches
  3 goblins
  6 hobgoblins
  8 jackals
  3 quokkas
  3 ball pythons
  4 frilled lizards
  A giant cockroach zombie (D:5)
  A jackal zombie (D:5)
  13 kobolds
  A leopard gecko skeleton (D:5)
  A leopard gecko zombie (D:6)
  2 quokka skeletons
  8 rats
  A foxfire (D:9)
186 creatures vanquished.

Vanquished Creatures (others)
  25 foxfires
25 creatures vanquished.

Grand Total: 211 creatures vanquished

Notes
Turn   | Place    | Note
-------+----------+-------------------------------------------
     0 | D:1      | Eurus the Demonspawn Ice Elementalist began the quest for
                  | the Orb.
     0 | D:1      | Reached XP level 1. HP: 13/13 MP: 3/3
    73 | D:1      | Gained mutation: You are partially covered in iridescent
                  | scales. (AC +2) [demonic ancestry]
    73 | D:1      | Reached XP level 2. HP: 17/19 MP: 1/5
   226 | D:1      | Reached skill level 4 in Ice Magic
  1102 | D:2      | Gained mutation: You are mostly covered in iridescent
                  | scales. (AC +4) [demonic ancestry]
  1102 | D:2      | Reached XP level 3. HP: 10/24 MP: 0/6
  1472 | D:2      | Found an iron altar of Okawaru.
  1531 | D:2      | Reached XP level 4. HP: 29/30 MP: 2/8
  2134 | D:3      | Learned a level 3 spell: Frozen Ramparts
  2173 | D:3      | Reached skill level 1 in Shields
  2611 | D:3      | Found a hide-covered altar of Uskayaw.
  3083 | D:4      | Reached XP level 5. HP: 30/35 MP: 4/9
  3204 | D:4      | Reached skill level 5 in Ice Magic
  3512 | D:4      | Noticed an ogre
  3528 | D:4      | Killed an ogre
  3528 | D:4      | Gained mutation: You have a pair of small horns on your
                  | head. [demonic ancestry]
  3528 | D:4      | Reached XP level 6. HP: 21/41 MP: 3/11
  3714 | D:4      | Found a bloodstained altar of Trog.
  3865 | D:5      | Entered Level 5 of the Dungeon
  4577 | D:5      | Found a shadowy altar of Dithmenos.
  4660 | D:5      | Gained mutation: You sometimes gain a little power by
                  | taking damage. [demonic ancestry]
  4660 | D:5      | Reached XP level 7. HP: 20/46 MP: 4/12
  5161 | D:6      | Found a basalt altar of Yredelemnul.
  5347 | D:6      | Reached skill level 6 in Ice Magic
  5548 | D:6      | Found a sparkling altar of Nemelex Xobeh.
  5592 | D:6      | Found a staircase to the Ecumenical Temple.
  5600 | Temple   | Entered the Ecumenical Temple
  5776 | D:6      | Found a sacrificial altar of Ru.
  6199 | D:6      | Found a blossoming altar of Fedhas.
  6443 | D:6      | Found a stormy altar of Qazlal.
  6451 | D:6      | Became a worshipper of Qazlal Stormbringer
  6597 | D:6      | Reached skill level 1 in Fighting
  6751 | D:6      | Reached skill level 1 in Invocations
  6947 | D:6      | Found a hazy altar of Hepliaklqana.
  6949 | D:6      | Found a bloodstained altar of Trog.
  6949 | D:6      | Found a shimmering altar of Xom.
  6951 | D:6      | Found a white marble altar of Elyvilon.
  6951 | D:6      | Found a radiant altar of Vehumet.
  6951 | D:6      | Found a shimmering altar of Xom.
  7145 | D:7      | Reached XP level 8. HP: 50/55 MP: 11/14
  7207 | D:7      | Found a burning altar of Makhleb.
  7326 | D:7      | Noticed Joseph
  8172 | D:7      | Reached skill level 7 in Ice Magic
  8429 | D:7      | Found a shattered altar of Ashenzari.
  8972 | D:8      | Noticed a hippogriff
  8978 | D:8      | Killed a hippogriff
  8978 | D:8      | Reached skill level 5 in Spellcasting
  9343 | D:8      | Reached skill level 8 in Ice Magic
  9343 | D:8      | Gained mutation: You have a pair of horns on your head.
                  | [demonic ancestry]
  9343 | D:8      | Reached XP level 9. HP: 33/64 MP: 14/16
  9598 | D:8      | Learned a level 1 spell: Foxfire
  9722 | D:8      | Reached * piety under Qazlal
 10155 | D:8      | Reached skill level 1 in Conjurations
 10225 | D:8      | Reached skill level 1 in Fire Magic
 10580 | D:8      | Found a glowing silver altar of Zin.
 11652 | D:9      | Noticed Harold
 11957 | D:9      | Noticed a two-headed ogre
 12279 | D:10     | Entered Level 10 of the Dungeon
 12298 | D:10     | Found a staircase to the Lair.
 12440 | D:10     | Reached XP level 10. HP: 58/71 MP: 19/19
 12448 | D:10     | Found Ciexutui's Assorted Antiques.
 12476 | D:10     | Reached ** piety under Qazlal
 12490 | D:10     | Noticed Urug
 12493 | D:10     | Hit by a silver javelin thrown by Urug

Levels and vault maps discovered:
D:1:      onia_arrival_handbag, layout_loops_ring, minmay_misc_feat_ornament
D:2:      layout_loops_ring, old_standard_altar
D:3:      layout_basic, eat_drink_and_be_merry_uskayaw, first_ration,
          nrook_mini_vaults
D:4:      layout_gridville, bloody_trog
D:5:      layout_basic, nicolae_dithmenos_shadow_blocks
D:6:      layout_loops_corners, grunt_qazlal_clouds, lemuel_crystal_altar,
          nicolae_overflow_crystal_walls, lemuel_coloured_pillars_altar,
          doesnt_xom_only_xom, fedhas_bush_and_centaur_altar,
          minmay_temple_entry_arrows
D:7:      layout_gridville, bloody_makhleb, lemuel_round_altar, uniq_joseph
D:8:      layout_basic, kennysheep_mini_moat, serial_co_window_serial,
          co_window_corner_a, co_window_paths_a, co_window_of_opportunity_a,
          co_window_paths_a, co_window_paths_b, co_window_paths_a,
          co_window_paths_b, co_window_broadway_c, co_window_corner_b,
          co_window_2corner, co_window_of_opportunity_c, co_window_2corner,
          co_window_paths_e, glass_columns_b, glass_columns_c, glass_columns_a,
          glass_columns_a, glass_columns_b, grunt_livestock
D:9:      layout_roguey, uniq_harold
D:10:     layout_basic, lair_entry_dummy, serial_shops,
          nicolae_shop_temple_entry_statues_fountains, uniq_urug
Temple:   jpeg_temple_island

Skill      XL: |  1  2  3  4  5  6  7  8  9 |
---------------+----------------------------+-----
Ice Magic      | 4 5 6 8 |  8.2
Shields        | 1 2 3 4 |  4.0
Spellcasting   | 3 4 5 6 |  6.5
Fighting       | 1 3 4 |  4.0
Invocations    | 1 4 |  4.0
Dodging        | 2 4 |  4.3
Conjurations   | 3 |  3.9
Fire Magic     | 3 |  3.0
Stealth        | |  1.7

Action                   |  1- 3 |  4- 6 |  7- 9 | 10-12 || total
-------------------------+-------+-------+-------+-------++-------
Melee: Unarmed           |    31 |     4 |       |       ||    35
       Whip              |       |    31 |       |       ||    31
       Dagger            |       |    28 |   312 |     6 ||   346
       Headbutt          |       |    10 |    58 |       ||    68
 Cast: Freeze            |    57 |    70 |   104 |       ||   231
       Frozen Ramparts   |       |     4 |    15 |     1 ||    20
       Foxfire           |       |       |    18 |       ||    18
  Use: Potion            |       |     9 |       |       ||     9
       Scroll            |       |     6 |     6 |       ||    12
 Stab: Sleeping          |     2 |     1 |     2 |       ||     5
       Distracted        |       |       |     1 |       ||     1
  Eat: Chunk             |     2 |    10 |    22 |       ||    34
       Ration            |       |       |     2 |       ||     2
Armor: Robe              |    22 |    39 |    97 |       ||   158
Dodge: Dodged            |    36 |    62 |   198 |     3 ||   299
Block: Buckler           |       |       |    73 |     4 ||    77

Table legend:
 A = Non-vault XP
 B = Vault XP
 C = Vault XP percentage of total XP
 D = Non-vault monster count
 E = Vault monster count
 F = Vault count percentage of total count
                 A         B        C        D         E       F
            +---------+---------+-------+---------+---------+-------
      Total |    4638 |    1142 |  19.8 |     175 |      10 |   5.4
            +---------+---------+-------+---------+---------+-------
        D:1 |      18 |      16 |  47.1 |      11 |       4 |  26.7
        D:2 |      70 |       0 |   0.0 |      23 |       0 |   0.0
        D:3 |      76 |       0 |   0.0 |      15 |       0 |   0.0
        D:4 |     299 |       0 |   0.0 |      15 |       0 |   0.0
        D:5 |     288 |       0 |   0.0 |      22 |       0 |   0.0
        D:6 |     526 |     115 |  17.9 |      19 |       1 |   5.0
        D:7 |     566 |     196 |  25.7 |      22 |       1 |   4.3
        D:8 |    1581 |     815 |  34.0 |      25 |       4 |  13.8
        D:9 |     679 |       0 |   0.0 |      17 |       0 |   0.0
       D:10 |     535 |       0 |   0.0 |       6 |       0 |   0.0
            +---------+---------+-------+---------+---------+-------
